 Dungeon Sprint DCSS version 0.26-a0-651-gb41185065b (webtiles) character file.

Game seed: 5886305531621017307

3 Jannitor the Digger (level 1, -11/15 HPs)
             Began as a Deep Dwarf Earth Elementalist on Sept 29, 2020.
             Was an Initiate of Makhleb.
             Killed from afar by a hell hound (20 damage)
             ... with a blast of flame
             ... in the Dungeon (Sprint V: "Ziggurat Sprint").
             The game lasted 00:01:57 (111 turns).

Jannitor the Digger (Deep Dwarf Earth Elementalist)  Turns: 111, Time: 00:01:57

Health: -11/15     AC: 15    Str: 23    XL:     1   Next: 41%
Magic:  3/3        EV:  6    Int: 15    God:    Makhleb [......]
Gold:   0          SH: 11    Dex: 13    Spells: 3/4 levels left

rFire    . . .     SeeInvis .   H - +5 broad axe
rCold    . . .     Faith    .   F - +3 kite shield
rNeg     . . .     Spirit   .   J - +5 shadow dragon scales
rPois    .         Reflect  .   (no helmet)
rElec    .         Harm     .   (no cloak)
rCorr    .         Rampage  .   (no gloves)
MR       .....     NoTele   +   (no boots)
Stlth    +++.......             (no amulet)
HPRegen  0.00/turn              z - +6 ring of strength
MPRegen  0.08/turn              A - +6 ring of strength

@: non-regenerating
A: damage resistance, heal wounds, sense surroundings 1, no regeneration
a: Heal Wounds, Renounce Religion


You were in the Dungeon.
You worshipped Makhleb.
Makhleb was noncommittal.
You visited 1 branch

Inventory:

Hand Weapons
 H - a +5 broad axe (weapon)
Missiles
 b - 30 stones (quivered)
Armour
 c - a +0 robe
 E - a +3 buckler
 F - a +3 kite shield (worn)
 G - a +3 tower shield
 I - +5 gold dragon scales
 J - +5 shadow dragon scales (worn)
Jewellery
 u - an uncursed ring of flight
 v - a +6 ring of dexterity
 w - a +6 ring of dexterity
 x - a +6 ring of intelligence
 y - a +6 ring of intelligence
 z - a +6 ring of strength (left hand)
 A - a +6 ring of strength (right hand)
Wands
 B - a wand of disintegration (7)
 C - a wand of iceblast (7)
 D - a wand of acid (7)
Scrolls
 i - 4 scrolls of blinking
 o - 4 scrolls of amnesia
 p - 7 scrolls of fog
 q - a scroll of holy word
 r - 5 scrolls of identify
 s - 5 scrolls of remove curse
 t - 2 scrolls of fear
Potions
 a - 2 potions of brilliance
 d - 10 potions of curing
 e - 10 potions of heal wounds
 f - 6 potions of haste
 g - 7 potions of magic
 h - 3 potions of berserk rage
 j - 2 potions of invisibility
 k - 4 potions of resistance
 l - a potion of experience
 m - 5 potions of stabbing
 n - 5 potions of might


   Skills:
 + Level 2.7 Dodging
 + Level 3.1 Stealth
 + Level 2.1 Spellcasting
   Level 0.8 Transmutations
 + Level 4.4 Earth Magic


You had 3 spell levels left.
You knew the following spells:

 Your Spells              Type           Power        Failure   Level
a - Sandblast             Erth           ###...       92%         1

Your spell library contained the following spells:

 Spells                   Type           Power        Failure   Level
 Passwall                 Tmut/Erth      #.......     100%        2
 Stone Arrow              Conj/Erth      #.....       100%        3
 Petrify                  Tmut/Erth      #.......     100%        4
 Lee's Rapid Deconstruct  Erth           ###.......   100%        5


Dungeon Overview and Level Annotations

Branches:
Dungeon (1/1)

Altars:
Ashenzari
Cheibriados
Dithmenos
Elyvilon
Fedhas
Gozag
Hepliaklqana
Kikubaaqudgha
Makhleb
Nemelex Xobeh
Okawaru
Qazlal
Ru
Sif Muna
Trog
Uskayaw
Vehumet
Wu Jian
Xom
Yredelemnul
Zin
The Shining One
Beogh
Jiyva
Lugonu

Annotations:
D 1 transporter


Innate Abilities, Weirdness & Mutations

You are resistant to damage.
You can heal yourself by infusing magical energy.
You passively map a small area around you.
You do not regenerate.


Message History

Your Spellcasting skill increases to level 2!
You closely miss the hell hound. The hell hound completely misses you.
The hell hound bites you but does no damage.
The hell hound barely misses you.
You closely miss the hell hound.
The hell hound bites you but does no damage.
The hell hound bites you.
Your shield and shadow dragon scales prevent you from hitting the hell hound.
The hell hound breathes flames at you. The blast of flame hits you.
The hell hound bites you but does no damage.
You block the hell hound's attack.
Your shield and shadow dragon scales prevent you from hitting the hell hound.
You block the hell hound's attack.
The hell hound bites you but does no damage.
You miss the hell hound. The hell hound breathes flames at you.
The blast of flame hits you!!
Ouch! That really hurt!
You die...

*
▓▓▓▓▓▓▓
8
▓.8©8.▓
,
,▓.....▓
▓.=.).▓
,
,▓..h..▓
,
▓..@..▓
,
▓..©..▓
, ,
▓▓▓▓▓▓▓
* * * ,
© * , ,
, * , ,
,, ,,


You could see a hell hound (catching breath).

Vanquished Creatures
  An adder zombie (D)
1 creature vanquished.

Notes
Turn   | Place    | Note
-------+----------+-------------------------------------------
     0 | D        | Jannitor the Deep Dwarf Earth Elementalist began the quest
                  | for the Orb.
     0 | D        | Reached XP level 1. HP: 15/15 MP: 3/3
     0 | D        | Found a shimmering blue altar of Sif Muna.
     0 | D        | Found a sacrificial altar of Ru.
     0 | D        | Found a bloodstained altar of Trog.
     0 | D        | Found a stormy altar of Qazlal.
     0 | D        | Found an iron altar of Okawaru.
     0 | D        | Found a sparkling altar of Nemelex Xobeh.
     0 | D        | Found a blossoming altar of Fedhas.
     1 | D        | Found the +6 Majin-Bo {vamp, MP+6 Int+6}
     1 | D        | Found the +9 heavy crossbow "Sniper" {vorpal, Acc+∞ SInv}
     1 | D        | Found the +10 dark maul {vorpal}
     1 | D        | Found the +15 Maxwell's patent armour {-Cast -Tele rElec
                  | MR+ rCorr}
     1 | D        | Found the +18 shield of the Gong {rElec rN+ MR+ EV-5}
     1 | D        | Found the cursed +14 obsidian axe {vorpal, +Fly SInv
                  | *Curse}
     1 | D        | Found the +7 great mace "Firestarter" {inner flame, rF++}
     1 | D        | Found the +6 shillelagh "Devastator" {shatter}
     1 | D        | Found the +11 plutonium sword {*Contam Stlth-}
     1 | D        | Found the +8 lance "Wyrmbane" {slay drac, rPois rF+ rC+
                  | AC+3}
     1 | D        | Found the +9 sword of Zonguldrok {reap}
     1 | D        | Found the cursed +13 scythe of Curses {drain, *Curse}
     1 | D        | Found the +0 sword of Power
     1 | D        | Found the +7 mace of Variability {chain chaos}
     1 | D        | Found the +7 Singing Sword {vorpal, sonic wave}
     1 | D        | Found the +8 storm bow {elec, penet}
     4 | D        | Found a transporter.
     4 | D        | Found an ancient bone altar of Kikubaaqudgha.
     4 | D        | Found a viscous altar of Jiyva.
     4 | D        | Found a corrupted altar of Lugonu.
     4 | D        | Found a hazy altar of Hepliaklqana.
     4 | D        | Found a burning altar of Makhleb.
     4 | D        | Found an opulent altar of Gozag.
    95 | D        | Became a worshipper of Makhleb the Destroyer
   102 | D        | Entered arena 2.
   102 | D        | Noticed a hell hound
   102 | D        | Found a transporter.
   111 | D        | Killed from afar by a hell hound

Illustrated notes

Levels and vault maps discovered:
D:        sprint_v [room_start, room_1, room_2, room_3, room_4, room_5, room_6,
          room_7, room_8, room_9, room_10, room_11, room_12, room_13, room_14,
          room_15, room_16, room_17, room_18, room_19, room_20, room_21,
          room_22, room_23, room_24, room_25, room_26, room_27]

Skill      XL: |  1 |
---------------+----+-----
Stealth        | 3 |  3.1
Spellcasting   | 2 |  2.1
Dodging        | |  2.7
Transmutations | |  0.8
Earth Magic    | |  4.4

Action                   || total
-------------------------++-------
Melee: Broad axe         ||     8
Armor: Shadow dragon sca ||     7
Dodge: Dodged            ||     6
Block: Kite shield       ||     7

Table legend: (Time is in decaauts)
 A = Elapsed time spent in this place.
 B = Non-inter-level travel time spent in this place.
 C = Inter-level travel time spent in this place.
 D = Time resting spent in this place.
 E = Time spent auto-exploring this place.
 F = Levels seen in this place.
 G = Mean time per level.
                   A        B        C        D        E       F      G
               +--------+--------+--------+--------+--------+-----+--------+
         Total |    114 |    114 |      0 |      0 |     15 |   1 |  114.0 |
       Dungeon |    114 |    114 |      0 |      0 |     15 |   1 |  114.0 |
               +--------+--------+--------+--------+--------+-----+--------+

Top non-repeatable levels by time:
       D: 114 daAuts
